[Event "FIDE Zonal 4-2 Open 2023"]
[Site "Dimbroko"]
[Date "2023.03.27"]
[Round "1.1"]
[White "Ortega Amarelle, Mariano"]
[Black "David Leroy Debblay"]
[Result "1-0"]
[ECO "E73"]
[WhiteElo "2472"]
[BlackElo "1823"]
[Annotator "TA"]
[PlyCount "83"]
[EventDate "2023.03.25"]
[EventType "swiss"]
[SourceTitle "playchess.com"]
[Source "ChessBase"]
[SourceQuality "1"]
[TimeControl "40/5400+30:1800+30"]

1. c4 g6 2. d4 Bg7 3. e4 d6 4. Nc3 Nf6 5. Be2 a6 6. Be3 {[%emt 0:01:55] E73: King's Indian: Averbakh Variation without 6...c5.} Nc6 7. Nf3 (7. d5 $14 Nb8 8. h3) 7... Bg4 (7... Ng4 $11 {keeps the balance.}) 8. d5 $16 {[%emt 0:00:37] White is better.} Bxf3 {[%emt 0:00:38][%mdl 64] [#] Remove Defender} 9. Bxf3 Ne5 10. Be2 c6 11. f4 Ned7 12. dxc6 bxc6 13. O-O O-O {[%emt 0:00:26] [#]} 14. Qc2 $146 ({Predecessor:} 14. Qd2 Qb8 15. Rac1 Rd8 16. b3 Qb4 17. Rfd1 h5 18. Bf3 Ng4 19. Bxg4 hxg4 20. Na4 Qxd2 21. Bxd2 {0-1 Liu,C (2364)-Malakhov,V (2709) CHN-chT China 2013 (14.1)}) 14... Qc7 15. Rad1 e6 16. Rd2 d5 17. e5 (17. exd5 exd5 18. cxd5 cxd5 $16) 17... Ne8 18. Na4 Qd8 19. cxd5 cxd5 20. Rc1 $2 ({White should play} 20. Nc5 $18) 20... f6 $2 {[%emt 0:00:56] [#]} (20... g5 $1 $11 {and Black is okay.}) 21. Qc6 {[%emt 0:14:22] Black is weak on the light squares} ({White must play} 21. Bg4 $1 $18 f5 22. Bf3) 21... Kh8 (21... fxe5 $16 22. f5 (22. Bxa6 exf4 23. Bf2 Ne5 $19) (22. Qxe6+ Kh8 $16) 22... Ndf6) 22. Nb6 $18 Nxb6 23. Bxb6 Qb8 24. Bc5 {[%emt 0:00:46] A strong pair of Bishops.} (24. Qxe6 $6 fxe5 25. Rc6 (25. Rxd5 $2 Rf6 $19 {[%mdl 64] Skewer}) 25... exf4 $16) 24... Rg8 25. Qxe6 fxe5 26. fxe5 (26. Bxa6 $2 Nc7 27. Qh3 Nxa6 $19) 26... Qxe5 27. Qxe5 Bxe5 28. Bd4 $36 {[%emt 0:03:28][%mdl 2048] Black is under strong pressure.} Bxd4+ 29. Rxd4 Nf6 30. Rc6 Rgf8 31. Bxa6 {[%emt 0:01:40] White is much more active.} (31. Rxa6 $142 Rxa6 32. Bxa6) 31... Rae8 (31... Nd7 $16) 32. Rd1 (32. Rf4 $18 Re1+ 33. Rf1 Rxf1+ 34. Bxf1) 32... Ng4 (32... Rb8 $16) 33. a4 (33. Rxd5 $2 Re1+) 33... Rf2 (33... Kg7 {was called for.} 34. Rc7+ (34. Rxd5 $2 Re1+) 34... Kh6) 34. Rc8 (34. Rxd5 $2 {leads to mate.} Re1+) 34... Rxc8 (34... Rff8 $142) 35. Bxc8 {[%emt 0:00:07] White is clearly winning.} Rxg2+ (35... Rf4 $142 36. a5 (36. Rxd5 Ne3 $16) 36... Ne3) 36. Kxg2 Ne3+ 37. Kf3 Nxd1 38. b4 Nc3 39. a5 d4 40. a6 d3 41. Ke3 ({Not} 41. a7 d2 42. a8=Q d1=Q+ 43. Kg2 Qe2+ 44. Kg1 Qe3+ 45. Kg2 Qd2+ 46. Kh1 Qc1+ 47. Kg2 Qc2+ 48. Kh3 Qd3+ 49. Kg2 Qe2+ 50. Kg1 Qe3+ 51. Kg2 Qe2+ $11) 41... Nd5+ 42. Kd2 {[%emt 0:00:08] Weighted Error Value: White=0.27 (precise) /Black=0.50} ({Less strong is} 42. Kxd3 Nxb4+ 43. Ke4 Nxa6 $18) 1-0

[Event "FIDE Zonal 4-2 Open 2023"]
[Site "Dimbroko"]
[Date "2023.03.27"]
[Round "1.2"]
[White "Daniel Kolliemelen"]
[Black "Abdulraheem Abdulrahman Akinto"]
[Result "0-1"]
[ECO "D00"]
[WhiteElo "1805"]
[BlackElo "2302"]
[Annotator "TA"]
[PlyCount "83"]
[EventDate "2023.03.25"]
[EventType "swiss"]
[SourceTitle "playchess.com"]
[Source "ChessBase"]
[SourceQuality "1"]
[TimeControl "40/5400+30:1800+30"]

1. d4 d5 2. f4 Nf6 3. e3 Bf5 4. Nf3 e6 5. Bd3 Be7 6. O-O {[%emt 0:00:00] D00: 1 d4 d5: Unusual lines.} O-O 7. c3 Ne4 8. Qe2 {[%emt 0:00:00] The position is equal.} c5 9. Nbd2 Nc6 {[%emt 0:01:33] [#]} 10. Re1 $146 ({Predecessor:} 10. Ne5 Nxd2 11. Bxd2 Bxd3 12. Nxd3 c4 13. Ne5 f5 14. g4 Qe8 15. gxf5 exf5 16. Kh1 {1-0 Torres Sigler,A (2162)-Vallee Rivas,G Guayana IRT CAAC 1er 2014 (3)}) 10... Rc8 11. Nf1 (11. Bb1 $15) 11... c4 12. Bb1 b5 13. N3d2 Nxd2 14. Nxd2 Bxb1 15. Rxb1 b4 16. Ra1 {[%emt 0:00:00] Black keeps a firm grip on the game.} bxc3 17. bxc3 Qa5 18. Nb1 Rb8 19. Rf1 f5 20. g4 Rb7 {[%emt 0:07:24] Black has more active pieces.} 21. gxf5 exf5 22. Qc2 g6 23. Kh1 Nd8 24. Nd2 Nf7 25. Nf3 (25. a4 $17 {was worth a try.}) 25... Nd6 $19 26. Nd2 Rfb8 27. Rg1 Kh8 28. Kg2 (28. a4 {is a better defense.}) 28... Nb5 29. Nb1 Na3 30. Nxa3 Bxa3 31. Kh1 Bb2 32. Rb1 Bxc3 {[%emt 0:02:16][%mdl 64] [#] Discovered Attack} 33. Rxb7 Rxb7 34. Qg2 Qd8 35. Ba3 Bb4 36. Rb1 a5 37. Bc1 Qd7 38. Qb2 Qe7 {[%emt 0:07:37] [#] And now ...Qe4+ would win.} 39. a3 $2 (39. Qg2 Rd7 40. Kg1) 39... Qe4+ 40. Qg2 Qxb1 41. Qxd5 Qe4+ 42. Kg1 {[%emt 0:37:16] Weighted Error Value: White=0.48/Black=0.09 (flawless)} 0-1

[Event "FIDE Zonal 4-2 Open 2023"]
[Site "Dimbroko"]
[Date "2023.03.27"]
[Round "1.3"]
[White "De Gondo, Simplice Armel"]
[Black "Kennedy Zinnah Kengo"]
[Result "0-1"]
[ECO "C56"]
[WhiteElo "2086"]
[BlackElo "1785"]
[Annotator "TA"]
[PlyCount "122"]
[EventDate "2023.03.25"]
[EventType "swiss"]
[SourceTitle "playchess.com"]
[Source "ChessBase"]
[SourceQuality "1"]
[TimeControl "40/5400+30:1800+30"]

1. e4 e5 2. Nf3 Nc6 3. Bc4 Bc5 4. c3 Nf6 5. O-O O-O 6. d4 exd4 7. cxd4 Be7 8. d5 {[%emt 0:00:00] C56: Two Knights: 4 d4 exd4 5 0-0 Nxe4.} Na5 (8... Nb8 $16) 9. Bd3 $18 d6 (9... b6 {was worth a try.} 10. Nc3 Bb7) 10. b4 {[%emt 0:00:00] [#] White has a decisive advantage.} Nc4 $146 ({Predecessor:} 10... c5 11. bxa5 Qxa5 12. Bd2 Qb6 13. a4 Bg4 14. Na3 a6 15. Nc4 Qa7 16. a5 Nd7 {1-0 Pinheiro,J (1768)-Farias,L (1475) Fortaleza Cearense Cup 2016 (1)}) 11. Bxc4 Nxe4 12. Bb2 Bg4 13. Nc3 f5 14. Be2 Bf6 15. Rc1 Qe7 16. Re1 Rae8 17. Nd4 $4 {[%emt 0:00:00][%mdl 8192] [#]} (17. Qc2 $18 {and life is good for White.}) 17... Nxf2 $1 $19 {[%emt 0:06:14][%mdl 576] ( -> ...Qe3). Remove Defender, Decoy} 18. Qd2 Bg5 19. Bxg4 Bxd2 20. Rxe7 Rxe7 21. Nxf5 (21. Kxf2 $2 {too greedy.} fxg4+ 22. Nf3 Be3+ 23. Kg3 Bxc1 24. Bxc1 gxf3 $19) (21. Be2 {is the only way for White.} Nd3 22. Bxd3 Bxc1 23. Bxc1 Re1+ 24. Kf2 Rxc1 25. Nce2) 21... Rxf5 $2 (21... Nxg4 $19 22. Nxe7+ Kh8) 22. Bxf5 $11 {[%emt 0:00:00] This pair of bishops is nice.} Bxc1 23. Bxc1 Re1+ 24. Kxf2 Rxc1 25. Nb1 (25. Ne2 $11 Ra1 26. Nc3) 25... Kf7 (25... Rc4 $1 $17 {[%cal Rc4f4] Threatens to win with ...Rf4+.} 26. Ke3 (26. Be6+ Kf8 $17) 26... Rxb4) 26. Bd3 h6 {[%emt 0:00:00][%mdl 1024] Black has compensation.} 27. Nd2 Kf6 28. Bc4 Ke5 29. Ke3 (29. Ke2 $15) 29... g5 (29... Rc3+ $17 30. Kf2 Kd4) 30. h3 (30. Nf3+ $11 {keeps the balance.} Kf6 31. Bb3) 30... Rc3+ $17 31. Ke2 Kf4 (31... Kd4 $17 32. Bb3 Re3+ 33. Kf2 Kd3) 32. Bd3 ({White should try} 32. Bb3 $1 $15) 32... Ra3 33. Bc4 Rc3 ({Better is} 33... Ra4 $17 {[%cal Of4g3] Strongly threatening ...Kg3!} 34. Bb3 Rxb4) 34. Bb3 (34. Bd3 $11) 34... h5 35. Nf1 {[%emt 0:00:00] Against Re3+. aiming for Kd2.} c5 36. dxc6 Rxc6 37. g3+ Ke5 38. Ne3 b5 39. Bf7 h4 40. gxh4 gxh4 41. Kd3 Rc1 42. Bd5 {[%emt 0:04:25] Dodges Rh1} (42. Ng4+ $1 $15 Kf4 43. Ne3) 42... Kf4 ({Black should play} 42... Rb1 $1 $17 43. Bc6 Rxb4) 43. Kd2 (43. Be6 $11) 43... Rb1 (43... Rg1 $5 44. Nd1 Ke5 $17) 44. Nc2 Kg3 45. Be6 Rh1 46. Nd4 Kf4 {[%emt 0:00:00] White must now prevent ...Ke5.} 47. Nxb5 {[%emt 0:02:31] And now a4 would win.} Ke5 48. Nc7 {[%emt 0:13:23] [#]} (48. Bg4 $11) 48... d5 49. Bxd5 (49. Bc8 $1 $15) 49... Rxh3 50. Bc4 $2 (50. Ba8 {is more resistant.}) 50... Rg3 $2 (50... Rh2+ $19 {and Black stays clearly on top.} 51. Kd1 Rf2) 51. Bf1 h3 52. Bxh3 Rxh3 {[%emt 0:00:00][%mdl 4096] Endgame KR-KN} 53. a4 {[%emt 0:00:39] [#]} Rh7 $1 54. Nb5 {[%emt 0:00:50] [#] This costs White the game.} (54. Na6 $17) 54... a6 $1 $19 55. Nc3 Kd4 {[%emt 0:00:00] Black mates.} 56. b5 a5 57. b6 Kc5 58. Kc2 Kxb6 59. Kb3 Rh4 60. Nb5 Kc5 61. Ka3 Rh3+ {[%emt 0:00:00] Weighted Error Value: White=0.71/Black=0.40} 0-1

[Event "FIDE Zonal 4-2 Open 2023"]
[Site "Dimbroko"]
[Date "2023.03.27"]
[Round "1.4"]
[White "KONAN KOUASSI AUGUSTIN"]
[Black "Manan, Yoboue Hermann"]
[Result "0-1"]
[ECO "A00"]
[WhiteElo "1775"]
[BlackElo "2015"]
[Annotator "TA"]
[PlyCount "70"]
[EventDate "2023.03.25"]
[EventType "swiss"]
[SourceTitle "playchess.com"]
[Source "ChessBase"]
[SourceQuality "1"]
[TimeControl "40/5400+30:1800+30"]

1. b4 d5 2. Bb2 Bf5 3. Nf3 e6 4. e3 Nf6 5. a3 Nbd7 6. Bb5 {[%emt 0:00:30] [#] A00: Irregular Openings.} (6. c4 $11) 6... c6 $146 ({Predecessor:} 6... Bd6 7. d4 c6 8. Be2 h6 9. Nbd2 Nb6 10. c4 Bc7 11. Nh4 Bh7 12. c5 Nbd7 13. Nhf3 g5 {0-1 Czarnik,A-Delarge,D FRA-ch distr corr 1991}) 7. Ba4 (7. Be2 $15) 7... b5 8. Bb3 {[%emt 0:00:00] Black is better.} c5 {[%emt 0:00:00] Inhibits Nd4.} 9. bxc5 Nxc5 10. Ba2 Na4 11. Bd4 a6 12. O-O Be7 13. Ne5 Qc7 {[%emt 0:00:00] Dodges Nc6} 14. Bb3 Nc5 15. Nc3 Nfd7 {[%emt 0:05:30] [#]} ({Black should play} 15... h6 $15) 16. Nxd5 exd5 $17 17. Bxd5 {[%emt 0:05:30] [#] aiming for Nxd7.} Nxe5 18. Bxa8 {[%emt 0:00:00] [#]} O-O $1 {[%emt 0:00:00] Strongly threatening ...Ng4.} 19. Bd5 Rd8 {[%emt 0:00:00][%mdl 1024] Black has strong compensation.} 20. Ba2 Ne6 (20... Nc6 $17 21. Bxc5 Bxc5) 21. Bc3 (21. Bxe5 $1 $15 Qxe5 22. d4) 21... Ng4 $19 (21... Bxa3 22. Bxe6 Ng4 23. g3 (23. Bxf5 $2 Qxh2#) 23... Bxe6 24. Rxa3 $18) 22. g3 Ng5 ({Don't play} 22... Bxa3 23. Bxe6 Bxe6 24. Rxa3 $18) 23. Qe2 h5 $40 {[%emt 0:00:00][%mdl 128] Hoping for ...Bf6. Black goes for the king.} (23... Bxa3 24. h4 Nh3+ 25. Kg2 $17) ({Stronger than} 23... Nh3+ 24. Kh1 $17) 24. f3 Ne5 {[%emt 0:00:00] Black is much more active.} 25. h4 {[%emt 0:00:00] White is weak on the light squares} Ne6 {[%emt 0:00:00] Excellent horsemanship.} 26. e4 $2 (26. Qf2 $17) 26... Bh3 27. Rfb1 (27. Bxe6 $142 Bxf1 28. Bxf7+ Nxf7 29. Kxf1) 27... Nd4 ({Not} 27... Bxa3 28. Bxe5 Qxe5 29. Kh2 $17) 28. Bxd4 Rxd4 29. c3 {[%emt 0:00:00] [#]} (29. d3 $19 Ng4 30. f4) 29... Rxd2 $3 {[%emt 0:00:00][%mdl 576] Decoy. Black mates.} 30. Qxd2 (30. Bxf7+ Kxf7) 30... Nxf3+ {[%emt 0:00:00][%mdl 64] Discovered Attack, Double Attack} 31. Kf2 Nxd2 32. Bd5 Qxc3 33. Rc1 Bc5+ 34. Ke1 Nf3+ 35. Ke2 Qe3+ {[%emt 0:04:00] An entertaining game by Manan.   Weighted Error Value: White=0.54/Black=0.17 (very precise)} 0-1

[Event "FIDE Zonal 4-2 Open 2023"]
[Site "Dimbroko"]
[Date "2023.03.27"]
[Round "1.5"]
[White "Cogan, Nicolas"]
[Black "Egbe, Kossi Thierry"]
[Result "1-0"]
[ECO "E43"]
[WhiteElo "2013"]
[BlackElo "1740"]
[Annotator "TA"]
[PlyCount "85"]
[EventDate "2023.03.25"]
[EventType "swiss"]
[SourceTitle "playchess.com"]
[Source "ChessBase"]
[SourceQuality "1"]
[TimeControl "40/5400+30:1800+30"]

1. d4 Nf6 2. c4 e6 3. Nc3 Bb4 4. e3 b6 5. Bd3 Bb7 6. f3 c5 7. Nge2 d5 {[%emt 0:02:38] E43: Nimzo-Indian: Rubinstein: 4...b6.} 8. O-O O-O 9. a3 Ba5 {[%emt 0:04:35] The position is equal.} 10. cxd5 exd5 11. Ng3 Nc6 {[%emt 0:05:36] [#]} 12. Na4 $146 ({Predecessor:} 12. Kh1 h6 13. Bc2 Ne7 14. Rb1 cxd4 15. Qxd4 Bxc3 16. Qxc3 Rc8 17. Qd2 Qc7 18. Bd3 {0-1 Sanz Losada,V (2075)-Jaroch,K (2254) POL-ch Rapid 2017 (7)}) 12... c4 (12... cxd4 $2 13. b4 $16) 13. Bc2 (13. b4 $5 ) 13... Bc8 (13... b5 $5 14. Nc5 Bc8 $11) 14. Bd2 Bxd2 15. Qxd2 h5 (15... b5 $11 16. Nc5 Be6) 16. Qf2 {[%emt 0:06:10] White is more active.} Re8 17. Rfe1 {[%emt 0:15:37] White now steadily converts the win.} Qd6 18. Nc3 Be6 (18... Rb8 $16 {might work better.}) 19. Rad1 $18 a6 {[%emt 0:01:45] [#]} (19... Red8 {was called for.} 20. e4 dxe4) 20. e4 $1 {[%emt 0:04:01][%cal Be3e4,Be4e5][%mdl 32] Hoping for e5.} Qf4 21. e5 {[%emt 0:01:39][%mdl 64] Deflection} Nd7 22. Nxh5 Qh6 23. Ng3 Ne7 24. f4 {[%emt 0:00:30] And now f5 would win.} g6 (24... f5 $142 25. Nf1 Kf7) 25. f5 gxf5 26. Bxf5 Kg7 27. Rf1 Rh8 28. h3 {[%emt 0:00:00] Threatens to win with Bxe6.} Rag8 (28... Rhg8 $142 29. Qf4 Rae8) 29. Nce2 {[%emt 0:00:00][%cal Bc3e2,Be2f4,Bf4d5][%mdl 32] Bxe6 is the strong threat.} Kf8 $2 (29... Rf8 30. Rc1 a5) 30. Bxe6 {[%emt 0:00:00][%mdl 64] Deflection} Qxe6 31. Nf4 Qh6 {[%emt 0:01:40] [#]} 32. Nxd5 $1 {[%emt 0:00:00][%csl Gf1][%cal Rf2f7][%mdl 576] Discovered Attack} Qg6 (32... Rh7 33. Nxe7) 33. Nf4 Qh6 34. Nfh5 Rh7 35. Qf3 Qc6 {[%emt 0:01:20] Inhibits Qa8+.} 36. d5 Qc5+ 37. Kh1 Nxe5 38. Qe4 N7g6 39. d6 {[%emt 0:00:00] Qa8+ would kill now.} Qc8 {[%emt 0:01:18] [#] Dodges Qa8} 40. d7 $1 Nxd7 (40... Qd8 41. Nf6) 41. Qf5 Ke7 42. Rfe1+ Kd8 43. Nf6 {[%emt 0:00:00] An entertaining game by Cogan.   Weighted Error Value: White=0.15 (very precise) /Black=0.58} 1-0

[Event "FIDE Zonal 4-2 Open 2023"]
[Site "Dimbroko"]
[Date "2023.03.27"]
[Round "1.6"]
[White "Foday W. Kondoh"]
[Black "Barcon, Harmon"]
[Result "1/2-1/2"]
[ECO "D53"]
[WhiteElo "1727"]
[BlackElo "1928"]
[Annotator "TA"]
[PlyCount "76"]
[EventDate "2023.03.25"]
[EventType "swiss"]
[SourceTitle "playchess.com"]
[Source "ChessBase"]
[SourceQuality "1"]
[TimeControl "40/5400+30:1800+30"]

1. d4 d5 2. c4 c6 3. Nf3 Nf6 4. Nc3 e6 5. Bg5 Be7 6. c5 {[%emt 0:01:46] D53: Queen's Gambit Declined: 4 Bg5 Be7: Early deviations.} b6 7. b4 bxc5 8. bxc5 {[%emt 0:00:23] White is slightly better.} Qa5 9. Bd2 {[%emt 0:00:53][%cal Oc3d5] Nxd5! is the strong threat.} Qc7 10. g3 Nbd7 {[%emt 0:00:15] [#]} 11. Bh3 $146 ({Better is} 11. Qa4 $14) ({Predecessor:} 11. Qa4 e5 12. Nxe5 Nxe5 13. Bf4 Nfd7 14. Bxe5 Nxe5 15. Nxd5 Qd7 16. Nxe7 Qxe7 17. Bg2 {1-0 Ovsepyan,A (2139)-Joeres,S (1961) GER-chT U16 Neumarkt in der Oberpfalz 2016 (1.1)}) 11... e5 $11 12. Bxd7+ Nxd7 13. e3 (13. O-O $11) 13... e4 $17 14. Ng1 h5 15. f3 h4 16. g4 exf3 (16... h3 $19 17. Qa4 (17. fxe4 $2 Bh4+ 18. Kf1 Ba6+ 19. Nge2 Nf6 $19) 17... Bh4+ 18. Kd1 Nf6) 17. Nxf3 Nf6 18. Ne5 {[%emt 0:07:54] [#]} Bxc5 19. g5 $36 {[%emt 0:03:23][%cal Og5f6][%mdl 2048] White has strong initiative.} Nh5 (19... Ng8 $16 {keeps fighting.}) 20. O-O $2 (20. Rc1 $1 $18 {Hoping for Nxd5.} Be6 21. Ne4 dxe4 22. Rxc5) 20... Be6 $11 {[%emt 0:00:44] White must now prevent ...Bd6.} 21. Rc1 Be7 $2 (21... Qe7 $11 22. Rf2 Qxg5+ 23. Rg2 Qf6) 22. Qf3 $2 (22. Nb5 $18 {and White stays clearly on top.} Qb6 23. Nc7+ Qxc7 24. Rxc6 Qxc6 25. Nxc6) 22... Bd8 {[%emt 0:11:21] [#]} (22... Bxg5 $16 23. Nb5 {[%mdl 64] Deflection} Qb8) 23. Nb5 $1 {[%emt 0:02:29][%mdl 512] A dynamic duo of knights.} Qe7 {[%emt 0:00:04] [#]} 24. Nd6+ Qxd6 $16 25. Nxf7 (25. Rxc6 $2 Qe7 26. e4 dxe4 27. Qxe4 O-O 28. Rxe6 (28. Qxh4 $2 g6 $19) 28... Qxe6 $19) 25... Qe7 26. Nxh8 {[%emt 0:01:46] White is much more active.} Qxg5+ {[%emt 0:00:03] [#]} 27. Kh1 (27. Qg2 $1 $16) 27... Ng3+ $2 28. hxg3 $18 hxg3 {[%emt 0:00:03] ( -> ...Qh4+)} 29. Kg1 {[%emt 0:03:47] White wants to mate with Qf8+.} (29. Rxc6 $2 {gets mated.} Qh4+ 30. Kg2 Qh2#) ({Not} 29. Qf8+ Kd7 30. Kg2 (30. Rf7+ Bxf7 31. Qxf7+ Be7 $15) 30... Qh5 31. Rf7+ (31. Qxg7+ Be7 $11) 31... Bxf7 32. Qxf7+ Qxf7 33. Nxf7 Bf6 $18) 29... Bf6 30. Rxc6 Kd7 {[%emt 0:00:15] [#]} 31. Rxe6 $1 Kxe6 {[%emt 0:00:46] [#]} 32. Ng6 Qxg6 $11 33. Kg2 (33. e4 $11 Rh8 34. e5) 33... Qd3 (33... Rb8 $17 {Strongly threatening ...Rb2.} 34. Qxg3 Qxg3+ 35. Kxg3 Rb2) 34. Qg4+ {[%emt 0:00:21] The position is equal.} Kf7 35. Qh5+ Ke6 36. Qg4+ Kf7 37. Qh5+ Ke6 38. Qg4+ Kf7 {[%emt 0:00:03] White used his chance. A fantastic game!   Weighted Error Value: White=0.56/Black=0.73} 1/2-1/2

[Event "FIDE Zonal 4-2 Open 2023"]
[Site "Dimbroko"]
[Date "2023.03.27"]
[Round "1.7"]
[White "Mambe, Lobognon Anderson Ol"]
[Black "Harold Evans"]
[Result "0-1"]
[ECO "D53"]
[WhiteElo "1916"]
[BlackElo "1714"]
[Annotator "TA"]
[PlyCount "110"]
[EventDate "2023.03.25"]
[EventType "swiss"]
[SourceTitle "playchess.com"]
[Source "ChessBase"]
[SourceQuality "1"]
[TimeControl "40/5400+30:1800+30"]

1. d4 d5 2. Nf3 Nc6 3. c4 e6 4. Nc3 Nf6 5. Bg5 Be7 6. e3 h6 7. Bh4 a6 {[%emt 0:00:26] D53: Queen's Gambit Declined: 4 Bg5 Be7: Early deviations.} 8. a3 dxc4 9. Bxc4 {[%emt 0:00:46] [#]} Nd5 $146 {[%emt 0:00:48] White is better.} ({Predecessor:} 9... O-O 10. O-O b5 11. Bd3 Bb7 12. Bc2 b4 13. Qd3 g6 14. Bxf6 Bxf6 15. Ne4 Be7 {½-½ Kantor,G (2352)-Cuhendi,S (2186) Budapest FS06 IM 2013 (7)}) 10. Bg3 Nb6 (10... Na5 $14 11. Bd3 Nxc3 12. bxc3 b6) 11. Ba2 $16 Bd6 12. Ne4 Be7 13. Qc2 Nd5 14. Rc1 f5 15. Nc5 Bd6 16. e4 fxe4 17. Qxe4 Qe7 18. Bxd5 $2 (18. O-O $18) 18... exd5 $14 {[%emt 0:02:16][%mdl 64] [#] Pin} 19. Qxe7+ Kxe7 20. O-O Bxg3 21. fxg3 Kd6 22. Rfe1 b6 23. Nd3 {[%emt 0:00:17] Excellent horsemanship.} Bb7 24. Nde5 (24. Rc2 {keeps more tension.} Rhe8 25. Nde5 Rac8 26. Nf7+) 24... Nxe5 (24... Rhf8 $14) 25. Nxe5 $2 (25. dxe5+ $18 Kd7 26. e6+ Kd6 27. Nh4) 25... Rhe8 ({Better is} 25... Rhf8 $1 $11) 26. Rf1 (26. b4 $14) 26... c5 $11 27. Rf7 Re7 28. dxc5+ bxc5 29. Rxe7 Kxe7 30. Rxc5 {[%emt 0:00:12][%mdl 4096] Endgame KRB-KRN} Kd6 31. Nd3 Bc6 32. b4 g5 33. Kf2 Re8 34. g4 (34. Rc2 $11) 34... Bb5 $15 {[%emt 0:00:22][%mdl 1024] Black has compensation.} 35. Nc1 Rf8+ 36. Ke3 $1 Rf1 {[%emt 0:00:22] White must now prevent ...Rd1.} 37. Rc2 {[%emt 0:01:46] [#]} (37. Nd3 $11 {keeps the balance.}) 37... Rd1 $1 $17 {[%emt 0:01:34] ...d4+ is the strong threat. Black is more active.} 38. Rc8 $2 (38. Ne2 $17 {was necessary.}) 38... Bc4 $19 {[%emt 0:01:41] ...d4+ would be deadly.} 39. Rh8 $2 (39. Ne2 Re1 40. Rd8+ Ke7 41. Rh8) 39... Rxc1 40. Rxh6+ {[%emt 0:00:12] KRB-KR} (40. Rd8+ $142 Ke5 41. Re8+ Kf6 42. Rh8) 40... Ke5 41. Rg6 Rc3+ 42. Kf2 Rxa3 (42... d4 $142 43. Rxg5+ Ke4) 43. h3 (43. Rxg5+ $142 Kf4 {[%mdl 64] Deflection} 44. Rf5+ Kxg4 45. Rf8) 43... d4 44. Rxg5+ Ke4 45. Rg7 d3 46. Re7+ Kd4 {[%emt 0:00:10] ( -> ...Ra2+)} 47. Rd7+ Kc3 (47... Bd5 $142 48. b5 Ra1 49. Kg3 d2 50. Kh4 d1=Q 51. Rh7 axb5 52. Re7 b4 53. Rh7 b3 54. Rh8 Qe1+ 55. g3 Qe7+ 56. g5 Qe4+ 57. g4 Rh1 58. Rh6 Rxh3+ {[%mdl 64] Decoy} 59. Kxh3 Qg2+ 60. Kh4 Qh2#) 48. h4 d2 {[%emt 0:00:03] Black mates.} 49. Rxd2 Kxd2 50. h5 Bd3 51. g5 Rb3 52. g6 Rxb4 53. g7 Bh7 54. Kf3 Rb7 55. h6 Rb6 {[%emt 0:00:20] What a bad dream for White.   Weighted Error Value: White=0.88/Black=0.43} 0-1

[Event "FIDE Zonal 4-2 Open 2023"]
[Site "Dimbroko"]
[Date "2023.03.27"]
[Round "1.8"]
[White "Amako Marc Arnold"]
[Black "Thomas, Saah"]
[Result "0-1"]
[ECO "B21"]
[WhiteElo "1647"]
[BlackElo "1916"]
[Annotator "TA"]
[PlyCount "104"]
[EventDate "2023.03.25"]
[EventType "swiss"]
[SourceTitle "playchess.com"]
[Source "ChessBase"]
[SourceQuality "1"]
[TimeControl "40/5400+30:1800+30"]

1. e4 c5 2. d4 cxd4 3. c3 dxc3 4. Nxc3 e6 5. Nf3 Nc6 6. Bc4 Bb4 7. O-O Nge7 8. Bf4 Bxc3 9. bxc3 d5 {[%emt 0:00:21] B21: Sicilian: 2 f4 and Morra Gambit.} 10. exd5 exd5 11. Bb5 {[%emt 0:00:43] This pair of bishops is nice.} O-O {[%emt 0:00:15] [#] Black is slightly better.} 12. Qd2 $146 ({Predecessor:} 12. Bd3 Ng6 13. Bg5 Qa5 14. Qc2 Bg4 15. Nh4 Nce5 16. Nxg6 fxg6 17. Rfe1 Nxd3 18. Qxd3 {0-1 Hosnedl,L-Vokoun,O Kouty nad Desnou op-B 2012 (9)}) 12... Ng6 13. Bg3 Be6 14. Rab1 h6 15. Bd3 Qd7 16. Rfc1 f5 17. Nd4 Rae8 18. Nb5 (18. a4 $11) 18... Nge5 {[%emt 0:06:05][%cal Of5f4] White must now prevent ...f4!} 19. Be2 a6 20. Bxe5 Nxe5 21. Nd4 f4 22. Nf3 Nc6 23. Nd4 Bf7 (23... Nxd4 $17 24. cxd4 Bf5) 24. Nxc6 $11 bxc6 25. Bxa6 {[%emt 0:00:32] [#]} f3 $1 26. g3 (26. Rb7 Qd6) 26... Re4 (26... Ra8 $5 27. Rb7 Qc8 28. Rxf7 Rxa6 29. Rxf8+ Qxf8 $11) 27. Rb4 {[%emt 0:04:59] Strongly threatening Rxe4.} Qa7 28. Bd3 Re6 29. Rf4 Ra8 30. Rxf3 (30. a4 $14) 30... Qxa2 31. Qxa2 ({Much weaker is} 31. Qf4 Rf6 32. Bf5 Bg6 $17) 31... Rxa2 32. c4 d4 33. c5 Rf6 (33... Ra8 $11) 34. Rxf6 $14 gxf6 {[%emt 0:00:02][%mdl 4096] Endgame KRB-KRB} 35. Bc4 (35. Be4 $5 ) 35... Ra4 36. Bxf7+ (36. Be2 $11 {keeps the balance.}) 36... Kxf7 $11 {[%emt 0:00:09] KR-KR} 37. Kf1 $2 {[%emt 0:00:16][%mdl 8192] This move loses the game for White.} (37. Re1 $17) 37... Ke6 $19 38. Re1+ $2 (38. Ke2) 38... Kd5 39. Re7 Kxc5 40. Re6 d3 {[%emt 0:00:05] ...Ra1+ would be deadly.} 41. Ke1 Ra2 42. Rxf6 Kd5 43. Rxh6 c5 {[%emt 0:00:02][%cal Bc6c5,Bc5c4,Bc4c3,Bc3c2][%mdl 32] Hoping for ...c4.} 44. Rh8 Re2+ {[%emt 0:00:20][%mdl 64] [#] Deflection} 45. Kd1 Rxf2 {[%emt 0:00:17] ( -> ...c4)} 46. h4 c4 {[%emt 0:00:05] Black mates.} 47. h5 Kd4 48. Ra8 Rh2 49. g4 c3 50. Rd8+ Ke3 51. Re8+ Kf4 52. g5 c2+ {[%emt 0:00:19] Weighted Error Value: White=0.72/Black=0.22 (precise)} 0-1